 Dungeon Crawl Stone Soup version 0.27-a0-538-g15ff5c5295 (webtiles) character file.

Game seed: 454313558345500663

33 HoaS the Ruffian (level 3, 0/29 HPs)
             Began as a Demigod Gladiator on Mar 6, 2021.
             Slain by a quokka skeleton (2 damage)
             ... on level 2 of the Dungeon.
             The game lasted 00:01:24 (1128 turns).

HoaS the Ruffian (Demigod Gladiator)                Turns: 1128, Time: 00:01:24

Health: 0/29       AC:  4    Str: 19    XL:     3   Next: 0%
Magic:  5/5        EV: 12    Int: 10    God:
Gold:   86         SH:  0    Dex: 15    Spells: 2/2 levels left

rFire    . . .     SeeInvis .     - Unarmed
rCold    . . .     Faith    .   (no shield)
rNeg     . . .     Spirit   .   a - +0 leather armour
rPois    .         Reflect  .   b - +0 helmet
rElec    .         Harm     .   (no cloak)
rCorr    .         Rampage  .   (no gloves)
Will     .....                  (no boots)
Stlth    +.........             (no amulet)
HPRegen  0.09/turn              (no ring)
MPRegen  0.09/turn              (no ring)

@: no status effects
A: high mp 1, forlorn
a: no special abilities


You were on level 2 of the Dungeon.
You visited 1 branch of the dungeon, and saw 2 of its levels.

You collected 86 gold pieces.

Inventory:

Missiles
 c - 3 throwing nets (quivered)
 e - 4 javelins
Armour
 a - a +0 leather armour (worn)
 b - a +0 helmet (worn)
 k - a +0 chain mail
Scrolls
 d - a scroll of enchant weapon {unknown}
 f - a scroll of magic mapping {unknown}
 g - a scroll of identify {unknown}
 h - a scroll of fog {unknown}
Potions
 i - a potion of cancellation {unknown}
 j - 2 potions of curing {unknown}


   Skills:
 - Level 1.7 Fighting
 - Level 1.7 Throwing
 - Level 2.6 Dodging
 + Level 3.9 Unarmed Combat


You had 2 spell levels left.
You didn't know any spells.
Your spell library was empty.

Dungeon Overview and Level Annotations

Branches:
Dungeon (2/15)


Innate Abilities, Weirdness & Mutations

Your attributes grow dramatically as you level up.
You have an increased reservoir of magic. (+10% MP)
You shall have no god before yourself.


Message History

The adder barely misses you. The kobold barely misses you. The adder bites you.
You miss the adder.
The adder is almost dead.
The adder closely misses you.
The kobold hits you with a +0 short sword.
* * * LOW HITPOINT WARNING * * *
You completely miss the adder.
The adder is almost dead.
The adder closely misses you. The quokka skeleton closely misses you.
The kobold closely misses you.
You miss the adder.
The adder is almost dead.
The adder bites you but does no damage. The quokka skeleton misses you.
The kobold hits you with a +0 short sword.
* * * LOW HITPOINT WARNING * * *
You barely miss the adder.
The adder is almost dead.
The adder bites you.
* * * LOW HITPOINT WARNING * * *
The quokka skeleton bites you but does no damage.
The kobold barely misses you. The adder bites you.
* * * LOW HITPOINT WARNING * * *
You hit the adder.
You kill the adder!
The quokka skeleton barely misses you.
You have reached level 3!
Your experience leads to a dramatic increase in your attributes!
Increase (S)trength, (I)ntelligence, or (D)exterity?
You feel stronger. x4
The kobold throws a stone.
The stone barely misses you.
The kobold throws a stone.
The stone barely misses you.
The kobold throws a stone.
The stone barely misses you.
You hit the quokka skeleton.
The quokka skeleton is heavily damaged.
The quokka skeleton bites you.
* * * LOW HITPOINT WARNING * * *
You barely miss the quokka skeleton.
The quokka skeleton is heavily damaged.
The quokka skeleton bites you.
You die...

........##..#......###
....<..........###....
...............# ###
...............#
...............#
.#.....#.......#
.#.......##....#
......####....######...
...<#.......†.KZ@.......
............#.######....
.......#.. . .......##.#
....... .# ....... .#
...(..# ..


You could see a kobold and a quokka skeleton.

Vanquished Creatures
  2 adders (D:2)
  A dart slug (D:1)
  2 leopard geckos
  2 bats (D:1)
  A giant cockroach (D:1)
  A hobgoblin (D:1)
  A ball python (D:1)
  A frilled lizard (D:1)
  3 rats (D:1)
14 creatures vanquished.

Notes
Turn   | Place    | Note
-------+----------+-------------------------------------------
     0 | D:1      | HoaS the Demigod Gladiator began the quest for the Orb.
     0 | D:1      | Reached XP level 1. HP: 17/17 MP: 3/3
    80 | D:1      | Reached skill level 3 in Unarmed Combat
   580 | D:1      | Reached XP level 2. HP: 12/24 MP: 4/4
  1123 | D:2      | Reached XP level 3. HP: 3/29 MP: 5/5
  1128 | D:2      | Slain by a quokka skeleton

Illustrated notes

Levels and vault maps discovered:
D:1:      psy_arrival_whirlpool, layout_loops_ring, roderic_malta_cross
D:2:      layout_rooms, nicolae_ru_the_path_less_chosen

Skill      XL: |  1 |
---------------+----+-----
Unarmed Combat | 3 |  3.9
Fighting       | |  1.7
Throwing       | |  1.7
Dodging        | |  2.6

Action                   || total
-------------------------++-------
Melee: Unarmed           ||    84
       Punch             ||     5
 Stab: Sleeping          ||     1
Armor: Leather armour    ||    19
Dodge: Dodged            ||    66

Table legend: (Time is in decaauts)
 A = Elapsed time spent in this place.
 B = Non-inter-level travel time spent in this place.
 C = Inter-level travel time spent in this place.
 D = Time resting spent in this place.
 E = Time spent auto-exploring this place.
 F = Levels seen in this place.
 G = Mean time per level.
                   A        B        C        D        E       F      G
               +--------+--------+--------+--------+--------+-----+--------+
         Total |   1127 |   1101 |     26 |    313 |    626 |   2 |  563.5 |
       Dungeon |   1127 |   1101 |     26 |    313 |    626 |   2 |  563.5 |
               +--------+--------+--------+--------+--------+-----+--------+

Top non-repeatable levels by time:
     D:1: 1076 daAuts
     D:2: 50 daAuts
